 Dungeon Crawl Stone Soup version 0.28.0 (webtiles) character file.

Game seed: 1149325560405070763

75862 porkupine the Ogre Mage (level 15, -6/135 HPs)
             Began as an Ogre Ice Elementalist on Feb 5, 2022.
             Was a High Priest of Ashenzari.
             Mangled by an Executioner (8 damage)
             ... summoned by Asterion
             ... on level 1 of the Spider Nest on Feb 6, 2022.
             The game lasted 02:00:12 (25182 turns).

porkupine the Ogre Mage (Ogre Ice Elementalist)    Turns: 25182, Time: 02:00:13

Health: -6/135     AC:  5    Str: 20 (22) XL:     15   Next: 51%
Magic:  42/42      EV: 10    Int: 19 (20) God:    Ashenzari [*****.]
Gold:   1682       SH:  0    Dex:  4 (9)  Spells: 4/43 levels left

rFire   . . .      SeeInvis +   d - +0 short sword of Desmomancy {Cun, Fort} (curse)
rCold   . . .      Faith    .   (no shield)
rNeg    . . .      Spirit   .   C - +0 troll leather armour of Ashenzari's Affliction {Regen+, Fort, Cun} (curse)
rPois   .          Reflect  .   (helmet restricted)
rElec   .          Harm     .   l - +1 cloak of Ashenzari's Black Moon {rCorr, Comp, Alch} (curse)
rCorr   +          Rampage  .   (gloves unavailable)
Will    +....      Clarity  +   (boots unavailable)
Stlth   ++++......              t - amulet of the All-seeing Disgust {RegenMP, Melee, Cun} (curse)
HPRegen 1.12/turn               E - ring of Ashenzari's Lethargy {Str+6, Self, Evo} (curse)
MPRegen 0.68/turn               G - ring of Ashenzari's Pragmatism {MP+9, Comp, Fort} (curse)

@: unable to read
A: large, unfitting armour, tough skin 1, deformed body, deterioration 2, dopey
1, frail 1, screaming 1, inability to read while threatened
a: Renounce Religion, Curse Item, Shatter the Chains


You were on level 1 of the Spider Nest.
You worshipped Ashenzari.
Ashenzari was extremely pleased with you.
You visited 4 branches of the dungeon, and saw 22 of its levels.

You collected 1682 gold pieces.

Inventory:

Hand Weapons
 d - the cursed +0 short sword of Desmomancy (weapon) {Cun, Fort}
   (You took it off a kobold on level 1 of the Dungeon)

   It has a curse which improves the following skills: Cunning: Dodging and
   Stealth.
   Fortitude: Armour and Shields.
 n - the +8 quarterstaff of Distraction {vorpal, Will+ Int+2}
   (You found it on level 1 of the Lair of Beasts)

   It inflicts extra damage upon your enemies.
   Int:       It affects your intelligence (+2).
   Will:      It increases your willpower.
 L - a +2 demon trident
Missiles
 h - 12 large rocks
 s - 26 poisoned darts
 z - an atropa-tipped dart
 A - 2 throwing nets
 F - 11 boomerangs
 M - 12 javelins
Armour
 l - the cursed +1 cloak of Ashenzari's Black Moon (worn) {rCorr, Comp, Alch}
   (You took it off Crazy Yiuf on level 3 of the Dungeon)

   It has a curse which improves the following skills: Companions: Summonings
   and Necromancy.
   Alchemy:   Poison Magic and Transmutations.
 C - the cursed +0 troll leather armour of Ashenzari's Affliction (worn) {Regen+, Fort, Cun}
   (You found it on level 2 of the Orcish Mines)

   Regen:     It increases your rate of health regeneration.
   It has a curse which improves the following skills: Fortitude: Armour and
   Shields.
   Cunning:   Dodging and Stealth.
Magical Staves
 x - a staff of fire
Jewellery
 t - the cursed amulet of the All-seeing Disgust (around neck) {RegenMP, Melee, Cun}
   (You found it on level 7 of the Dungeon)

   [amulet of magic regeneration]

   It increases your rate of magic regeneration.
   It has a curse which improves the following skills: Melee Combat: Short
   Blades, Long Blades, Axes, Maces & Flails, Polearms, Staves and Unarmed
   Combat.
   Cunning:   Dodging and Stealth.
 E - the cursed ring of Ashenzari's Lethargy (left hand) {Str+6, Self, Evo}
   (You found it on level 7 of the Dungeon)

   [ring of strength]

   Str:       It affects your strength (+6).
   It has a curse which improves the following skills: Introspection: Fighting
   and Spellcasting.
   Evocations: Evocations.
 G - the cursed ring of Ashenzari's Pragmatism (right hand) {MP+9, Comp, Fort}
   (You found it on level 7 of the Dungeon)

   [ring of magical power]

   MP:        It affects your magic capacity (+9).
   It has a curse which improves the following skills: Companions: Summonings
   and Necromancy.
   Fortitude: Armour and Shields.
 P - a ring of poison resistance
 R - the ring "Mipyph" {rF+ rC+}
   (You found it on level 3 of the Lair of Beasts)

   [ring of protection from cold]

   rF:        It protects you from fire.
   rC:        It protects you from cold.
Wands
 o - a wand of iceblast (31)
 w - a wand of digging (5)
 D - a wand of flame (56)
 H - a wand of mindburst (19)
 J - a wand of acid (5)
 S - a wand of paralysis (8)
 V - a wand of polymorph (5)
Scrolls
 a - a scroll of magic mapping
 i - 5 scrolls of teleportation
 m - 2 scrolls of fear
 p - a scroll of summoning
 y - 4 scrolls of amnesia
 I - 4 scrolls of silence
 K - 3 scrolls of enchant weapon
 O - a scroll of enchant armour
 Q - 4 scrolls of blinking
 T - 2 scrolls of brand weapon
 W - a scroll of fog
Potions
 b - 9 potions of curing
 c - 2 potions of resistance
 e - 3 potions of cancellation
 f - 5 potions of might
 g - 5 potions of flight
 j - 3 potions of brilliance
 k - 2 potions of attraction
 q - 2 potions of ambrosia
 r - a potion of heal wounds
 u - 2 potions of berserk rage
 v - 4 potions of invisibility
 B - 3 potions of magic
 U - a potion of haste
Miscellaneous
 N - a tin of tremorstones (2/2)


   Skills:
 + Level 8.0(10.3) Fighting
 + Level 5.4(7.7) Short Blades
 + Level 8.1(12.6) Dodging
 + Level 7.3(11.8) Stealth
 + Level 12.6(14.8) Spellcasting
 * Level 9.8 Conjurations
 * Level 8.5(10.9) Transmutations
 * Level 5.5 Fire Magic
 + Level 11.0 Ice Magic
 + Level 5.0 Earth Magic
 * Level 3.7(5.8) Poison Magic


You had 4 spell levels left.
You knew the following spells:

 Your Spells              Type           Power      Damage    Failure   Level
a - Freeze                Ice            100%       1d11      1%          1
b - Frozen Ramparts       Ice            100%       1d12      1%          3
c - Ozocubu's Armour      Ice            54%        N/A       1%          3
d - Hailstorm             Conj/Ice       52%        3d12      1%          4
e - Irradiate             Conj/Tmut      26%        3d22      1%          5
f - Petrify               Tmut/Erth      44%        N/A       1%          4
g - Starburst             Conj/Fire      21%        6d7       34%         6
h - Eringya's Noxious Bo  Tmut/Pois      22%        N/A       26%         6
i - Orb of Destruction    Conj           25%        9d9       61%         7

Your spell library contained the following spells:

 Spells                   Type           Power      Damage    Failure   Level
 Foxfire                  Conj/Fire      100%       2x1d9     1%          1
 Sandblast                Erth           66%        2d15      1%          1
 Shock                    Conj/Air       100%       1d9       1%          1
 Sting                    Tmut/Pois      100%       1d8       1%          1
 Ensorcelled Hibernation  Hex/Ice        70%        N/A       1%          2
 Passwall                 Tmut/Erth      36%        N/A       1%          2
 Conjure Flame            Conj/Fire      43%        6-21      1%          3
 Ignite Poison            Fire/Tmut/Pois 42%        N/A       1%          3
 Dazzling Flash           Conj/Hex       64%        N/A       2%          3
 Flame Wave               Conj/Fire      43%        2d9       2%          4
 Sticky Flame             Conj/Fire      43%        2d6       2%          4
 Inner Flame              Hex/Fire       24%        N/A       4%          3
 Apportation              Tloc           28%        N/A       5%          1
 Sublimation of Blood     Necr           15%        N/A       7%          2
 Iskenderun's Mystic Bla  Conj/Tloc      32%        2d8       7%          4
 Corpse Rot               Necr/Air       30%        N/A       8%          2
 Summon Guardian Golem    Hex/Summ       15%        N/A       14%         3
 Swiftness                Air            14%        N/A       16%         3
 Tukima's Dance           Hex            14%        N/A       16%         3
 Dispel Undead            Necr           15%        3d10      41%         4
 Passage of Golubria      Tloc           14%        N/A       47%         4
 Alistair's Intoxication  Tmut/Pois      30%        N/A       4%          5
 Yara's Violent Unravell  Hex/Tmut       17%        3d8       16%         5
 Summon Forest            Summ/Tloc      7%         N/A       80%         5
 Spellforged Servitor     Conj/Summ      16%        N/A       99%         7
 Death Channel            Necr           7%         N/A       100%        6
 Summon Hydra             Summ           7%         N/A       100%        7


Dungeon Overview and Level Annotations

Branches:
Dungeon (13/15)            Temple (0/1) D:4            Lair (6/6) D:10
 Shoals (0/4) Lair:3       Spider (1/4) Lair:4        Slime (0/5) Lair:5
    Orc (2/2) D:9             Elf (0/3) Orc:2
 Vaults: D:13-14

Altars:
Ashenzari
Uskayaw
Beogh

Shops:
D:5 (   D:7 (   Orc:2 ==[(

Annotations:
D:8 exclusion: downstairs
Spider:1 Asterion


Innate Abilities, Weirdness & Mutations

You are too large for most types of armour.
You have tough skin. (AC +1)
Armour fits poorly on your strangely shaped body.
Your body often deteriorates upon taking damage.
You are dopey. (Int -2)
You are frail. (-10% HP)
You occasionally shout uncontrollably at your foes.
You sometimes lose the ability to read scrolls when taking damage.


Message History

The Executioner hits you.
* * * LOW HITPOINT WARNING * * *
The Executioner festers in the toxic bog.
The Executioner looks as sick as possible!
The Executioner becomes momentarily stuck in the toxic bog. x2
The Executioner hits you.
* * * LOW HITPOINT WARNING * * *
Asterion festers in the toxic bog.
Asterion looks as sick as possible!
You cannot read scrolls in your current state!
You feel much better.
The Executioner festers in the toxic bog.
The Executioner looks as sick as possible!
The Executioner hits you!
* * * LOW HITPOINT WARNING * * *
The Executioner misses you. The Executioner closely misses you.
The Executioner festers in the toxic bog.
The Executioner looks as sick as possible!
The Executioner barely misses you. The Executioner hits you.
* * * LOW HITPOINT WARNING * * *
The Executioner hits you!
* * * LOW HITPOINT WARNING * * *
The Executioner festers in the toxic bog.
The Executioner looks as sick as possible!
The Executioner hits you!
* * * LOW HITPOINT WARNING * * *
The Executioner hits you.
* * * LOW HITPOINT WARNING * * *
The Executioner hits you!
* * * LOW HITPOINT WARNING * * *
Asterion festers in the toxic bog.
Asterion looks as sick as possible!
Asterion chants a prayer to Makhleb.
You feel much better.
Your noxious spew wanes.
The Executioner hits you!!
* * * LOW HITPOINT WARNING * * *
Your body deteriorates!
You feel clumsy. The Executioner hits you.
* * * LOW HITPOINT WARNING * * *
The Executioner hits you!
You die...

##....##.....###
###...<...†#.##.#
######........####...
####.......####..#..^
####.......##.....###.
####.......#...... ##
######.....###.. ,*#.
#####.......#. ,, #..
###.#.1@##.##, , * ###
*###..!H.####, , , *#
#.........##,, #####
#......#...# , .....
*#.....###.##, ,
*.#... * #.....## *##,
,* ** #... *
##...##,,,,, ,,*, *
#... , ..>..* , , ,,##
*,, ...## * , ,, *,*
,,


You could see Asterion (fast, extremely poisoned) and an Executioner (summoned,
fast, extremely poisoned).

Vanquished Creatures
  An orc warlord (Orc:2)
  A stone giant (Orc:2)
  An entropy weaver (Spider:1)
  Josephine (Lair:4)
  7 hydras
  2 ogre magi (Orc:2)
  2 boulder beetles
  2 centaur warriors
  A radroach (Spider:1)
  11 two-headed ogres
  An orc high priest (D:9)
  Urug (D:12)
  An iron troll (Orc:2)
  A goliath frog (Lair:6)
  An orb spider (Spider:1)
  A deep troll (Orc:2)
  A lindwurm (Lair:6)
  An orange crystal statue (D:12)
  An orc knight (Orc:2)
  2 oklob plants
  2 cyclopes
  3 manticores (D:11)
  A wolf spider (Lair:3)
  2 orc sorcerers
  Maurice (D:8)
  12 elephants
  22 cane toads
  A gargoyle (D:11)
  A kobold demonologist (D:9)
  2 rime drakes
  7 komodo dragons
  A hornet (Lair:4)
  11 trolls
  4 polar bears
  2 tyrant leeches (Lair:6)
  2 tarantellas (Spider:1)
  29 blink frogs
  10 dream sheep
  4 shadows
  A culicivora (Spider:1)
  3 jumping spiders (Spider:1)
  A spriggan (Lair:4)
  7 wraiths
  4 wyverns
  4 basilisks
  36 yaks
  3 steam dragons
  5 redbacks (Spider:1)
  5 vampire mosquitoes (Lair:6)
  Grum (D:8)
  Menkaure (D:6)
  2 wargs (Orc:2)
  23 water moccasins
  An acid dragon (D:10)
  15 orc warriors
  An ice beast (D:7)
  3 sky beasts
  4 necrophages
  A black bear (D:7)
  22 ogres
  17 wolves
  11 centaurs
  A phantom (D:9)
  A kobold brigand (D:8)
  18 bullfrogs
  2 gnoll sergeants
  2 scorpions (D:4)
  A water moccasin zombie (D:6)
  A water moccasin skeleton (D:5)
  4 troll zombies (D:9)
  15 killer bees
  3 wights (D:7)
  2 electric eels (Lair:6)
  7 howler monkeys
  2 jellies
  A crimson imp (D:4)
  4 centaur zombies
  Crazy Yiuf (D:3)
  3 hounds
  10 orc priests
  3 centaur skeletons
  A gnoll shaman (D:10)
  Ijyb (D:3)
  3 iguanas
  13 orc wizards
  2 killer bee zombies (D:7)
  4 ogre zombies (D:9)
  Robin (D:2)
  2 howler monkey skeletons
  15 gnolls
  8 adders
  3 river rats (D:6)
  A white imp (D:4)
  An adder skeleton (D:4)
  3 worms
  8 dart slugs
  56 orcs
  6 endoplasms
  3 giant cockroaches (D:2)
  18 goblins
  7 hobgoblins
  2 jackals (D:1)
  A quokka (D:1)
  3 training dummies (D:5)
  6 ball pythons
  3 bats
  5 frilled lizards
  5 goblin skeletons (D:9)
  A goblin zombie (D:9)
  2 hobgoblin skeletons (D:9)
  4 hobgoblin zombies (D:9)
  11 kobolds
  3 orc skeletons (D:9)
  10 orc zombies (D:9)
  10 rats
  A bush (D:1)
632 creatures vanquished.

Vanquished Creatures (others)
  An adder (D:6)
  A bat (D:2)
  29 fungi
  121 plants
152 creatures vanquished.

Grand Total: 784 creatures vanquished

Notes
Turn   | Place    | Note
-------+----------+-------------------------------------------
     0 | D:1      | porkupine the Ogre Ice Elementalist began the quest for the
                  | Orb.
     0 | D:1      | Reached XP level 1. HP: 16/16 MP: 3/3
   241 | D:1      | Reached XP level 2. HP: 24/24 MP: 2/5
   822 | D:1      | Reached XP level 3. HP: 30/31 MP: 4/7
  1036 | D:1      | Found a faded altar of an unknown god.
  1071 | D:1      | Prayed at the altar of an unknown god.
  1071 | D:1      | Became a worshipper of Ashenzari the Shackled
  1245 | D:1      | Reached skill level 3 in Spellcasting
  1641 | D:2      | Learned a level 3 spell: Frozen Ramparts
  1645 | D:2      | Learned a level 3 spell: Ozocubu's Armour
  1729 | D:2      | Noticed Robin
  2069 | D:2      | Killed Robin
  2070 | D:2      | Reached XP level 4. HP: 32/39 MP: 0/8
  2547 | D:2      | Reached * piety under Ashenzari
  3316 | D:3      | Found a runed translucent door.
  3317 | D:3      | Noticed Crazy Yiuf
  3454 | D:3      | Killed Crazy Yiuf
  3455 | D:3      | Reached XP level 5. HP: 36/45 MP: 1/10
  3462 | D:3      | Reached ** piety under Ashenzari
  3640 | D:3      | Reached skill level 1 in Conjurations
  3744 | D:3      | Found a hide-covered altar of Uskayaw.
  3911 | D:3      | Noticed Ijyb
  3919 | D:3      | Killed Ijyb
  3920 | D:3      | Reached skill level 4 in Spellcasting
  4311 | D:4      | Reached XP level 6. HP: 45/53 MP: 9/12
  4538 | D:4      | Noticed a necrophage
  4557 | D:4      | Killed a necrophage
  4739 | D:4      | Noticed a necrophage
  4754 | D:4      | Killed a necrophage
  4755 | D:4      | Reached skill level 5 in Ice Magic
  4755 | D:4      | Reached XP level 7. HP: 52/59 MP: 6/14
  5263 | D:4      | Reached skill level 5 in Spellcasting
  5295 | D:4      | Found a staircase to the Ecumenical Temple.
  5362 | D:4      | Identified Wizardry for Novices
  5837 | D:5      | Entered Level 5 of the Dungeon
  6348 | D:5      | Reached XP level 8. HP: 35/67 MP: 9/16
  6837 | D:5      | Found Faani's Firing Range.
  7227 | D:6      | Reached skill level 6 in Spellcasting
  7322 | D:6      | Noticed Menkaure
  7330 | D:6      | Killed Menkaure
  7655 | D:6      | Learned a level 4 spell: Hailstorm
  8431 | D:6      | Reached XP level 9. HP: 61/74 MP: 13/19
  8913 | D:6      | Reached skill level 7 in Spellcasting
  9753 | D:7      | Found Behaypon's Antique Weapon Shoppe.
 10117 | D:7      | Learned a level 5 spell: Irradiate
 10132 | D:7      | Reached *** piety under Ashenzari
 11181 | D:8      | Reached skill level 1 in Transmutations
 11297 | D:8      | Reached skill level 8 in Spellcasting
 11447 | D:8      | Noticed a two-headed ogre
 11524 | D:8      | Reached skill level 5 in Conjurations
 11555 | D:8      | Reached XP level 10. HP: 68/81 MP: 22/22
 11727 | D:8      | Noticed Maurice
 11736 | D:8      | Killed Maurice
 11737 | D:8      | Reached skill level 5 in Dodging
 11851 | D:8      | Killed a two-headed ogre
 12118 | D:8      | Noticed Grum
 12122 | D:8      | Killed Grum
 12334 | D:9      | Noticed a kobold demonologist
 12392 | D:9      | Reached **** piety under Ashenzari
 12434 | D:9      | Found a staircase to the Orcish Mines.
 12456 | D:9      | Reached skill level 9 in Spellcasting
 12836 | D:9      | Killed a kobold demonologist
 12910 | D:9      | Noticed a centaur warrior
 12917 | D:9      | Reached skill level 5 in Stealth
 12918 | D:9      | Killed a centaur warrior
 12919 | D:9      | Reached XP level 11. HP: 45/88 MP: 16/24
 13355 | Orc:1    | Entered Level 1 of the Orcish Mines
 13379 | Orc:1    | Noticed an orc high priest
 13560 | D:9      | Killed an orc high priest
 13561 | D:9      | Reached skill level 1 in Fighting
 13790 | Orc:1    | Reached ***** piety under Ashenzari
 13795 | Orc:1    | Reached skill level 1 in Short Blades
 14009 | Orc:2    | Entered Level 2 of the Orcish Mines
 14013 | Orc:2    | Noticed an orc knight
 14023 | Orc:2    | Killed an orc knight
 14310 | Orc:2    | Noticed a two-headed ogre
 15087 | Orc:2    | Reached skill level 5 in Transmutations
 15098 | Orc:2    | Noticed an orc warlord
 15166 | Orc:2    | Noticed an orc sorcerer
 15174 | Orc:2    | Killed an orc sorcerer
 15175 | Orc:2    | Reached skill level 10 in Spellcasting
 15184 | Orc:2    | Killed an orc warlord
 15186 | Orc:2    | Gained mutation: You are frail. (-10% HP) [mutagenic glow]
 15359 | Orc:2    | Learned a level 4 spell: Petrify
 15463 | Orc:2    | Killed a two-headed ogre
 15480 | Orc:2    | Noticed a two-headed ogre
 15490 | Orc:2    | Killed a two-headed ogre
 15491 | Orc:2    | Reached XP level 12. HP: 98/98 MP: 22/28
 15557 | Orc:2    | Found Veinnemp's Weapon Emporium.
 15558 | Orc:2    | Noticed an ogre mage
 15578 | Orc:2    | Killed an ogre mage
 15579 | Orc:2    | Reached skill level 1 in Earth Magic
 15632 | Orc:2    | Noticed a two-headed ogre
 15641 | Orc:2    | Killed a two-headed ogre
 15669 | Orc:2    | Noticed a two-headed ogre
 15708 | Orc:2    | Noticed a two-headed ogre
 15721 | Orc:2    | Killed a two-headed ogre
 15781 | Orc:2    | Found Esoidgh's Jewellery Shoppe.
 15784 | Orc:2    | Noticed a two-headed ogre
 15787 | Orc:2    | Noticed a stone giant
 15790 | Orc:2    | Killed a two-headed ogre
 15794 | Orc:2    | Noticed an ogre mage
 15828 | Orc:2    | Killed a stone giant
 15904 | Orc:2    | Noticed a two-headed ogre
 15947 | Orc:2    | Noticed an iron troll
 15954 | Orc:2    | Killed a two-headed ogre
 15968 | Orc:2    | Killed a two-headed ogre
 15972 | Orc:2    | Gained mutation: Your body sometimes deteriorates upon
                  | taking damage. [mutagenic glow]
 16050 | Orc:2    | Killed an iron troll
 16054 | Orc:2    | Gained mutation: Armour fits poorly on your strangely
                  | shaped body. [mutagenic glow]
 16171 | Orc:2    | Noticed a two-headed ogre
 16180 | Orc:2    | Killed a two-headed ogre
 16181 | Orc:2    | Reached skill level 11 in Spellcasting
 16212 | Orc:2    | Killed an ogre mage
 16255 | Orc:2    | Found Ucyng's Jewellery Boutique.
 16269 | Orc:2    | Found Juojes's Armour Shoppe.
 16287 | Orc:2    | Found a staircase to the Elven Halls.
 16430 | Orc:2    | Reached XP level 13. HP: 76/109 MP: 29/30
 16608 | D:10     | Entered Level 10 of the Dungeon
 16783 | D:10     | Reached skill level 10 in Ice Magic
 16831 | D:10     | Found a staircase to the Lair.
 16841 | D:10     | Reached skill level 5 in Fighting
 18355 | D:12     | Noticed Urug
 18367 | D:12     | Killed Urug
 18440 | D:12     | Learned a level 6 spell: Starburst
 18775 | D:13     | Noticed a rakshasa
 18916 | Lair:1   | Entered Level 1 of the Lair of Beasts
 19008 | Lair:1   | Identified the +8 quarterstaff of Distraction {vorpal,
                  | Will+ Int+2}
 19215 | Lair:1   | Found a hide-covered altar of Uskayaw.
 19224 | Lair:1   | Reached skill level 1 in Fire Magic
 20494 | Lair:3   | Reached XP level 14. HP: 65/123 MP: 27/32
 20579 | Lair:3   | Found a staircase to the Shoals.
 20771 | Lair:3   | Identified the ring "Mipyph" {rF+ rC+}
 20856 | Lair:3   | Reached skill level 12 in Spellcasting
 21456 | Lair:4   | Found a hole to the Spider Nest.
 21665 | Lair:4   | Noticed Josephine
 21672 | Lair:4   | Killed Josephine
 21795 | Lair:4   | Gained mutation: You sometimes lose the ability to read
                  | scrolls when taking damage. [mutagenic glow]
 22228 | Lair:5   | Learned a level 6 spell: Eringya's Noxious Bog
 22300 | Lair:5   | Found a staircase to the Slime Pits.
 22961 | Lair:6   | Entered Level 6 of the Lair of Beasts
 22987 | Lair:6   | Reached skill level 1 in Poison Magic
 23465 | Lair:6   | Reached skill level 5 in Short Blades
 23613 | Lair:6   | Reached XP level 15. HP: 131/134 MP: 33/33
 23631 | Lair:6   | Gained mutation: You occasionally shout uncontrollably at
                  | your foes. [mutagenic glow]
 23639 | Lair:5   | Gained mutation: Your body often deteriorates upon taking
                  | damage. [mutagenic glow]
 23867 | Lair:6   | Reached skill level 5 in Fire Magic
 24023 | Lair:6   | Learned a level 7 spell: Orb of Destruction
 24128 | Lair:6   | Gained mutation: You are dopey. (Int -2) [mutagenic glow]
 24337 | Lair:6   | Reached skill level 5 in Earth Magic
 24921 | Spider:1 | Entered Level 1 of the Spider Nest
 25165 | Spider:1 | Noticed Asterion
 25176 | Spider:1 | Noticed an Executioner
 25181 | Spider:1 | HP: 5/135 [Executioner[Asterion] (7)]
 25182 | Spider:1 | HP: 2/135 [Executioner[Asterion] (1)]
 25182 | Spider:1 | Mangled by an Executioner

Illustrated notes

Levels and vault maps discovered:
D:1:      dpeg_arrival_central, layout_rooms, basic_ecumenical_altar,
          grunt_decor_arrowhead, lexackson_kobold_supper
D:2:      layout_loops_cross, serial_aquarium, aquarium_bridge_square
          [aquarium_subvault_bridge, aquarium_subvault_wall,
          aquarium_subvault_bridge, aquarium_subvault_bridge],
          aquarium_window_corner, aquarium_window_corridor_2, aquarium_view_2d,
          aquarium_balcony_double_4, minmay_heptomino_l4, uniq_robin
D:3:      layout_loops_ring, mainiacjoe_overflow_six_doors_small,
          minmay_misc_feat_plants, uniq_crazy_yiuf_cottage, uniq_ijyb
D:4:      layout_cave_pods, temple_statues, minmay_fire_ice_demons
D:5:      layout_basic, nicolae_shop_firing_range
D:6:      layout_loops_corners, lightli_sewer_entry_pipes, skrybe_limestone_x,
          serial_bayou_ford_a, uniq_menkaure
D:7:      nicolae_cairo_tiling_very_big, layout_rooms, serial_shops, shop
D:8:      layout_basic, uniq_grum, uniq_maurice
D:9:      layout_rooms, zombieorc2_lemuel
D:10:     layout_irregular_city, dpeg_oklobed_lair
D:11:     layout_roguey
D:12:     layout_gridville, minivault_16, hangedman_decor_push,
          hangedman_decor_slide_cut, uniq_urug
D:13:     layout_cave_pools, david_vaults_4, serial_shops, shop,
          chequers_serial_rivers_large_b
Lair:1:   layout_small_grid, serial_bayou_pond_c, chequers_serial_rivers_room_a,
          lemuel_oklob_altar
Lair:2:   layout_small_grid, serial_rivers, chequers_serial_rivers_room_a,
          chequers_serial_rivers_micro_b, chequers_serial_rivers_room_a,
          chequers_serial_rivers_marsh, chequers_serial_rivers_room_b
Lair:3:   layout_regular_city, shoals_dummy_entry,
          nicolae_lair_run_with_the_wolves, grunt_megastairs_2
Lair:4:   layout_big_grid, spider_nest_entry_web_field, wad_woods_03,
          uniq_josephine
Lair:5:   layout_hall_layers, dpeg_slime_entry_corner, st_stairs_9,
          minivault_26, serial_bayou_shore_a
Lair:6:   minmay_lair_end_frog_pond, layout_gridlike, minivault_23
Spider:1: nicolae_spider_hilbert_zone_1 [nicolae_spider_hilbert_4_sides_1_open,
          nicolae_spider_hilbert_4_sides_1_open,
          nicolae_spider_hilbert_4_sides_1_open,
          nicolae_spider_hilbert_4_sides_1_open,
          nicolae_spider_hilbert_3_sides_1_open,
          nicolae_spider_hilbert_3_sides_1_open,
          nicolae_spider_hilbert_3_sides_1_open,
          nicolae_spider_hilbert_3_sides_1_open,
          nicolae_spider_hilbert_3_sides_1_open,
          nicolae_spider_hilbert_6_sides_1_open,
          nicolae_spider_hilbert_6_sides_1_open,
          nicolae_spider_hilbert_3_sides_1_open,
          nicolae_spider_hilbert_3_sides_1_open,
          nicolae_spider_hilbert_3_sides_1_open,
          nicolae_spider_hilbert_3_sides_1_open,
          nicolae_spider_hilbert_2_sides_1_open], uniq_asterion
Orc:1:    layout_caves, basic_altar
Orc:2:    st_orc_open, layout_caves

Skill      XL: |  1  2  3  4  5  6  7  8  9 10 11 12 13 14 15 |
---------------+----------------------------------------------+-----
Dodging        | 2 3 4 5 6 7 8 |  8.1
Spellcasting   | 3 4 5 6 8 9 10 11 12 | 12.6
Stealth        | 2 3 4 5 6 7 |  7.3
Ice Magic      | 4 5 6 7 8 9 10 11 | 11.0
Conjurations   | 1 2 3 5 6 7 8 9 |  9.8
Transmutations | 1 4 5 6 7 8 |  8.5
Fighting       | 3 4 6 7 8 |  8.0
Short Blades   | 2 3 4 5 |  5.4
Earth Magic    | 2 3 4 5 |  5.0
Fire Magic     | 1 4 5 |  5.5
Poison Magic   | 2 3 |  3.7

Action                   |  1- 3 |  4- 6 |  7- 9 | 10-12 | 13-15 || total
-------------------------+-------+-------+-------+-------+-------++-------
Melee: Unarmed           |    31 |       |       |       |       ||    31
       Short sword       |   245 |    11 |   226 |   127 |   121 ||   730
       Punch             |    10 |       |     5 |     8 |       ||    23
Throw: Boomerang         |       |       |     6 |     4 |       ||    10
       Dart              |       |       |       |     2 |       ||     2
 Cast: Freeze            |    55 |    68 |   113 |    61 |   167 ||   464
       Frozen Ramparts   |     1 |    11 |    41 |    39 |    28 ||   120
       Ozocubu's Armour  |     1 |     1 |     6 |     3 |     3 ||    14
       Hailstorm         |       |       |     6 |    63 |    45 ||   114
       Irradiate         |       |       |       |    65 |   191 ||   256
       Petrify           |       |       |       |       |     6 ||     6
       Eringya's Noxious |       |       |       |       |     2 ||     2
Invok: Curse Item        |     1 |     2 |     2 |     2 |     1 ||     8
       Shatter the Chain |       |       |     1 |     1 |       ||     2
Evoke: Wand              |       |       |     4 |       |       ||     4
  Use: Scroll            |     4 |     2 |     2 |     1 |       ||     9
       Potion            |       |       |       |       |     3 ||     3
 Stab: Sleeping          |     1 |     3 |     4 |     1 |    19 ||    28
Armor: Robe              |    45 |       |       |       |       ||    45
       Animal skin       |       |    18 |    60 |       |       ||    78
       Steam dragon scal |       |       |   130 |    66 |       ||   196
       Troll leather arm |       |       |       |    12 |   110 ||   122
Dodge: Dodged            |    65 |    15 |   221 |   163 |   309 ||   773
